 Dungeon Crawl Stone Soup version 0.27.1-34-g3ba077fa99 (webtiles) character file.

Game seed: 9597077087386124420

17173 MisterFreud the Martial Artist (level 12, -14/90 HPs)
             Began as a Pale Draconian Transmuter on Jan 3, 2022.
             Was a High Priest of Hepliaklqana.
             Demolished by a very large slime creature (60 damage)
             ... on level 11 of the Dungeon.
             The game lasted 00:25:33 (15923 turns).

MisterFreud the Martial Artist (DrTm)              Turns: 15923, Time: 00:25:33

Health: -14/90     AC:  2    Str: 13    XL:     12   Next: 16%
Magic:  19/19      EV: 29    Int: 20    God:    Hepliaklqana [*****.]
Gold:   765        SH:  0    Dex: 21    Spells: 17/21 levels left

rFire    + . .     SeeInvis .     - Unarmed
rCold    + . .     Faith    .   (shield currently unavailable)
rNeg     . . .     Spirit   .   (armour unavailable)
rPois    x         Reflect  .   (helmet currently unavailable)
rElec    .         Harm     .   (cloak currently unavailable)
rCorr    .         Rampage  .   (gloves currently unavailable)
Will     .....                  (boots currently unavailable)
Stlth    ++........             a - amulet of magic regeneration
HPRegen  0.25/turn              l - ring of protection from cold
MPRegen  0.41/turn              y - ring of Hesm {rF+ Int+6}

@: short of breath, spider-form
A: venomous fangs, reduced essence, (breathe steam), AC +8, tiny, unfitting
armour, (cold-blooded), (steam resistance)
a: End Transformation, Renounce Religion, Recall Ancestor, Ancestor Identity,
Transference, Idealise


You were on level 11 of the Dungeon.
You worshipped Hepliaklqana.
Hepliaklqana was extremely pleased with you.
You were a venomous arachnid creature.
You visited 1 branch of the dungeon, and saw 12 of its levels.
You also visited: Ossuary.

You collected 765 gold pieces.

Inventory:

Missiles
 b - 8 javelins
 j - 7 boomerangs
 o - 33 poisoned darts
 F - 2 curare-tipped darts
Jewellery
 a - an amulet of magic regeneration (around neck)
 g - a ring of magical power
 l - a ring of protection from cold (left front leg)
 y - the ring of Hesm (right front leg) {rF+ Int+6}
   (You found it on level 7 of the Dungeon)

   [ring of intelligence]

   Int:       It affects your intelligence (+6).
   rF:        It protects you from fire.
 D - a ring of protection from cold
 G - a +6 ring of strength
Wands
 v - a wand of flame (31)
 B - a wand of charming (6)
 C - a wand of acid (16)
Scrolls
 c - 2 scrolls of magic mapping
 e - a scroll of silence
 m - 5 scrolls of teleportation
 q - a scroll of blinking
 r - a scroll of summoning
 s - a scroll of enchant armour
 t - a scroll of vulnerability
 w - 3 scrolls of enchant weapon
 A - 3 scrolls of amnesia
 H - a scroll of torment
 I - 2 scrolls of identify
 K - a scroll of fear
Potions
 d - 5 potions of mutation
 f - a potion of attraction
 h - 2 potions of cancellation
 i - 3 potions of degeneration
 k - 2 potions of magic
 n - 3 potions of invisibility
 p - 3 potions of lignification
 u - 3 potions of curing
 x - a potion of resistance
 z - a potion of haste
 E - a potion of might
 J - 2 potions of ambrosia
Miscellaneous
 L - a phial of floods


   Skills:
 - Level 8.0 Fighting
 + Level 9.9 Dodging
 - Level 0.1 Stealth
 - Level 12.0 Unarmed Combat
 - Level 5.0 Spellcasting
 - Level 8.0 Transmutations
 - Level 5.0 Evocations


You had 17 spell levels left.
You knew the following spells:

 Your Spells              Type           Power      Damage    Failure   Level
a - Beastly Appendage     Tmut           74%        N/A       3%          1
b - Spider Form           Tmut/Pois      10%        N/A       19%         3

Your spell library contained the following spells:

 Spells                   Type           Power      Damage    Failure   Level
 Wereblood                Tmut           37%        N/A       4%          2
 Sting                    Tmut/Pois      84%        1d7       9%          1
 Freeze                   Ice            20%        1d4       28%         1
 Corpse Rot               Necr/Air       N/A        N/A       36%         2
 Poisonous Vapours        Pois/Air       10%        N/A       36%         2
 Sublimation of Blood     Necr           2%         N/A       36%         2
 Ice Form                 Ice/Tmut       21%        N/A       43%         4
 Frozen Ramparts          Ice            10%        1d3       56%         3
 Dispel Undead            Necr           5%         3d7       89%         4
 Hailstorm                Conj/Ice       5%         3d4       89%         4
 Olgreb's Toxic Radiance  Pois           5%         N/A       89%         4
 Death Channel            Necr           2%         N/A       100%        6
 Summon Hydra             Summ           2%         N/A       100%        7


Dungeon Overview and Level Annotations

Branches:
Dungeon (12/15)            Temple (0/1) D:7            Lair (0/6) D:11
    Orc (0/2) D:12        Ossuary (visited)

Altars:
Elyvilon
Fedhas
Hepliaklqana
Kikubaaqudgha
Makhleb
Okawaru
Qazlal
Vehumet
Yredelemnul
The Shining One

Shops:
D:2 :   D:5 =

Annotations:
D:8 3 runed translucent doors, Garym's ghost, novice MiGl
D:12 3 runed translucent doors, carontestyx's ghost, journeyman DjFE


Innate Abilities, Weirdness & Mutations

You are a venomous arachnid creature.
You have poisonous fangs.
You are tiny and dextrous.
Your spellcasting is less reliable in this form.
Your armour is entirely melded.
You are incapable of wielding weapons or throwing items.
Your life essence is reduced to manifest your ancestor. (-10% HP)
((You can breathe blasts of scalding, opaque steam.))
((Your pale cyan-grey scales are hard. (AC +8)))
You cannot fit into any form of body armour.
((You are cold-blooded and may be slowed by cold attacks.))
((You are immune to the effects of steam.))


Message History

The very large slime creature is engulfed in a cloud of scalding steam.
Unknown command.
Casting: Spider Form (dangerous; 7% risk of failure)
Confirm with . or Enter, or press ? or * to list all spells.
You turn into a venomous arachnid creature.
The very large slime creature is engulfed in a cloud of scalding steam.
The very large slime creature completely misses you.
Unknown command.
You bite the very large slime creature!
The very large slime creature is poisoned.
The very large slime creature is lightly wounded.
The very large slime creature is engulfed in a cloud of scalding steam.
The very large slime creature misses you.
You bite the very large slime creature!
The very large slime creature looks as sick as possible!
The very large slime creature is moderately wounded.
The slime creature is engulfed in a cloud of scalding steam.
You bite the very large slime creature!
The very large slime creature looks as sick as possible!
The very large slime creature is moderately wounded.
The very large slime creature hits you!!
Two slime creatures merge to form a large slime creature.
You bite the very large slime creature!
The very large slime creature is moderately wounded.
A very large slime creature splits.
A large slime creature splits.
You hit the large slime creature.
The large slime creature is heavily wounded.
The large slime creature completely misses you.
You bite the large slime creature!
The large slime creature is heavily wounded.
Two slime creatures merge to form a very large slime creature.
The slime creature closely misses you.
Two slime creatures merge to form a large slime creature.
You hit the large slime creature but do no damage.
The large slime creature is moderately wounded.
You bite the large slime creature!
The large slime creature is heavily wounded.
The very large slime creature hits you!!!
Ouch! That really hurt!
You die...

#.....#########.........#######.#
........##......................#
PPP......#...........############
.PPPP.....#########..#
.....P.....########..############
.>..PPP...†.†.†.................#
...P.P.P.########..##############
PPPPPPPP#########..#
##########.....Js..##############
...............J................#
............>......>............#
......#######.#######...........#
...<............................#
.....(..........................#
........................#######.#
###..#######............# #.#
#..# #............# #.#


You could see a very large slime creature (very poisoned) and a large slime
creature (very poisoned).

Vanquished Creatures
  Josephine (D:10)
  A hydra (D:11)
  2 two-headed ogres
  A deep elf pyromancer (D:8)
  2 manticores
  A cyclops (D:11)
  2 gargoyles
  2 komodo dragons
  A meliai zombie (D:11)
  A vampire (D:12)
  2 wraiths
  A wyvern (D:10)
  19 yaks
  5 vampire mosquitoes
  A water moccasin (D:7)
  2 hornet zombies (Ossuary)
  2 orc warriors
  A necrophage (D:5)
  A centaur (D:9)
  A phantom (D:7)
  2 kobold brigands
  A bullfrog (D:6)
  A water moccasin zombie (Ossuary)
  A scorpion (D:7)
  A wyvern zombie (Ossuary)
  4 killer bees (D:7)
  2 wights (D:9)
  A vampire bat (D:7)
  3 howler monkeys
  2 bullfrog zombies (Ossuary)
  6 hounds
  2 centaur zombies (Ossuary)
  3 jellies
  2 iguanas
  Terence (D:3)
  7 mummies (Ossuary)
  2 howler monkey zombies
  3 gnolls (D:7)
  5 adders
  2 shadow imps
  2 white imps
  An ufetubus (D:6)
  An adder skeleton (D:4)
  A worm (D:2)
  2 dart slugs
  21 orcs
  7 ball pythons
  2 bat skeletons (D:7)
  3 bat zombies (D:7)
  6 endoplasms
  6 giant cockroaches
  11 hobgoblins
  A quokka (D:2)
  3 bats
  2 frilled lizards (D:2)
  2 goblins (D:2)
  A hobgoblin zombie (D:5)
  13 kobolds
  3 rats
188 creatures vanquished.

Vanquished Creatures (collateral kills)
  A two-headed ogre (D:10)
  A cyclops (D:11)
  Maurice (D:10)
  A slime creature (D:12)
  A yak (D:11)
  5 wraiths
  4 vampire mosquitoes
  2 acid dragons
  2 ice beasts
  2 orc warriors
  2 necrophages (D:7)
  3 ogres
  A centaur (D:8)
  A gnoll sergeant (D:7)
  2 scorpions
  2 wyvern zombies
  2 water moccasin zombies (Ossuary)
  A water moccasin skeleton (D:5)
  A killer bee (D:7)
  3 wights (D:9)
  A centaur zombie (D:7)
  3 bullfrog zombies (Ossuary)
  2 jellies (D:5)
  A centaur skeleton (D:6)
  A hound (D:5)
  An orc priest (D:6)
  A gnoll shaman (D:8)
  8 mummies (Ossuary)
  2 iguanas
  6 orc wizards
  A killer bee zombie (Ossuary)
  3 howler monkey zombies
  5 gnolls
  3 adders
  A shadow imp (D:8)
  An ufetubus (D:4)
  8 orcs
  2 endoplasms (D:4)
  A hobgoblin (D:4)
  A bat (D:3)
  A kobold (D:3)
91 creatures vanquished.

Vanquished Creatures (others)
  A wyvern zombie (Ossuary)
  A mummy (Ossuary)
  8 knights
  2 ancestors (D:3)
  2 fungi
  34 plants
  4 withered plants (Ossuary)
52 creatures vanquished.

Grand Total: 331 creatures vanquished

Notes
Turn   | Place    | Note
-------+----------+-------------------------------------------
     0 | D:1      | MisterFreud the Draconian Transmuter began the quest for
                  | the Orb.
     0 | D:1      | Reached XP level 1. HP: 16/16 MP: 3/3
   428 | D:1      | Reached XP level 2. HP: 23/23 MP: 3/5
   808 | D:2      | Found a faded altar of an unknown god.
   812 | D:2      | Became a worshipper of Hepliaklqana the Forgotten
   812 | D:2      | Reached * piety under Hepliaklqana
   822 | D:2      | Reached XP level 3. HP: 25/25 MP: 4/6
  1282 | D:2      | Reached skill level 4 in Unarmed Combat
  1383 | D:2      | Reached ** piety under Hepliaklqana
  1403 | D:2      | Found Imoesisi's Book Shop.
  1784 | D:2      | Reached XP level 4. HP: 29/31 MP: 7/7
  2323 | D:3      | Found a stormy altar of Qazlal.
  2383 | D:3      | Noticed Terence
  2475 | D:2      | Learned a level 3 spell: Spider Form
  2677 | D:3      | Killed Terence
  2678 | D:3      | Reached XP level 5. HP: 36/36 MP: 6/9
  3195 | D:4      | Found a blossoming altar of Fedhas.
  3510 | D:4      | Remembered your ancestor Tiberius as a knight
  3516 | D:4      | Reached XP level 6. HP: 42/42 MP: 8/10
  3536 | D:4      | Found an iron altar of Okawaru.
  3632 | D:4      | Reached *** piety under Hepliaklqana
  3928 | D:4      | Reached skill level 5 in Transmutations
  4103 | D:4      | Found a burning altar of Makhleb.
  4386 | D:5      | Entered Level 5 of the Dungeon
  4444 | D:5      | Your scales start taking on a pale cyan-grey colour.
  4444 | D:5      | Reached XP level 7. HP: 21/46 MP: 7/11
  4444 | D:5      | Gained mutation: You are immune to the effects of steam.
                  | [Pale Draconian growth]
  4606 | D:5      | Reached skill level 5 in Dodging
  4705 | D:5      | Found a sand-covered staircase.
  4715 | Ossuary  | Entered an ossuary
  4769 | Ossuary  | Your ally bog died
  4800 | Ossuary  | Reached XP level 8. HP: 6/53 MP: 12/12
  5585 | D:5      | Found Puudotwo's Jewellery Shop.
  6042 | D:6      | Reached skill level 5 in Unarmed Combat
  6167 | D:6      | Reached XP level 9. HP: 38/63 MP: 13/13
  6304 | D:6      | Reached skill level 6 in Unarmed Combat
  6852 | D:6      | Reached skill level 7 in Unarmed Combat
  7017 | D:6      | Found a basalt altar of Yredelemnul.
  7147 | D:7      | Identified the ring of Hesm {rF+ Int+6}
  7325 | D:7      | Found a staircase to the Ecumenical Temple.
  7542 | D:7      | Reached skill level 8 in Unarmed Combat
  7641 | D:7      | Reached **** piety under Hepliaklqana
  8157 | D:7      | Found an ancient bone altar of Kikubaaqudgha.
  8571 | D:8      | Noticed Garym's ghost (novice MiGl)
  8571 | D:8      | Found a runed translucent gate.
  8571 | D:8      | Found a runed translucent gate.
  8571 | D:8      | Found a runed translucent gate.
  8931 | D:8      | Noticed a deep elf pyromancer
  8937 | D:8      | Killed a deep elf pyromancer
  8938 | D:8      | Reached skill level 5 in Spellcasting
  8938 | D:8      | Reached XP level 10. HP: 70/70 MP: 17/17
  9117 | D:8      | Found a glowing golden altar of the Shining One.
  9329 | D:8      | Found a white marble altar of Elyvilon.
  9413 | D:8      | Found a radiant altar of Vehumet.
 10609 | D:9      | Reached skill level 5 in Fighting
 10892 | D:9      | Reached skill level 9 in Unarmed Combat
 11238 | D:10     | Entered Level 10 of the Dungeon
 11248 | D:10     | Reached ***** piety under Hepliaklqana
 11251 | D:10     | Noticed a two-headed ogre
 11412 | D:10     | Noticed Maurice
 11552 | D:10     | Noticed a gargoyle
 11571 | D:10     | Killed a gargoyle
 11901 | D:10     | Killed Maurice
 11993 | D:10     | Noticed a two-headed ogre
 12003 | D:10     | HP: 3/77 [two-headed ogre (19)]
 12004 | D:10     | Killed a two-headed ogre
 12005 | D:10     | Reached XP level 11. HP: 3/82 MP: 18/18
 12448 | D:10     | Noticed Josephine
 12456 | D:10     | Killed Josephine
 12457 | D:10     | Reached skill level 10 in Unarmed Combat
 12862 | D:10     | Killed a two-headed ogre
 13228 | D:10     | Reached skill level 11 in Unarmed Combat
 13596 | D:11     | Reached skill level 12 in Unarmed Combat
 13596 | D:11     | Reached skill level 1 in Evocations
 13624 | D:11     | Found a staircase to the Lair.
 13652 | D:11     | Noticed a four-headed hydra
 13665 | D:11     | Killed a four-headed hydra
 13910 | D:11     | Reached skill level 5 in Evocations
 14675 | D:12     | Found a runed translucent gate.
 14675 | D:12     | Found a runed translucent gate.
 14677 | D:12     | Found a runed translucent gate.
 14923 | D:12     | Noticed carontestyx's ghost (journeyman DjFE)
 14923 | D:12     | Identified the +5 hunting sling "Ecuhon" {speed, rElec rC+}
 14923 | D:12     | Noticed a minotaur
 14943 | D:12     | Noticed a two-headed ogre
 14951 | D:12     | Killed a two-headed ogre
 14952 | D:12     | Reached XP level 12. HP: 34/90 MP: 16/19
 15410 | D:12     | Found a staircase to the Orcish Mines.
 15923 | D:11     | Demolished by a very large slime creature

Illustrated notes

Levels and vault maps discovered:
D:1:      sevenhm_arrival_forest_fort_small_5, layout_rooms, serial_glass,
          glass_columns_a, glass_columns_b
D:2:      layout_loops_corners, serial_shops, shop,
          shapermc_ecumenical_altar_mp_urbaneastern,
          minmay_misc_feat_four_crosses, minmay_misc_feat_roman, st_stairs_12
D:3:      wad_woods_pond, layout_basic, grunt_qazlal_clouds, uniq_terence
D:4:      layout_cave_pods, mainiacjoe_overflow_cross_hatched,
          makhleb_heckhound_becter, mainiacjoe_overflow_brackets
D:5:      layout_cave_pools, enter_ossuary_3, serial_shops, shop
D:6:      layout_basic, lemuel_coloured_pillars_altar
D:7:      layout_loops_ring, kennysheep_vampire_church,
          minmay_temple_entry_gardened_gates
D:8:      layout_basic, mainiacjoe_overflow_boulevard, tso_metal_star,
          amcnicky_altar_gilded, gammafunk_ghost_nasty_kobolds
D:9:      layout_loops_corners
D:10:     layout_roguey, minmay_misc_feat_secret_circle, uniq_maurice,
          uniq_josephine
D:11:     layout_long_grid, david_lair_shrubbed
D:12:     layout_cave_pods, david_orc_2, serial_shops, nicolae_shop_stone,
          maelrawn_ghost_gauntlet_escape

Skill      XL: |  1  2  3  4  5  6  7  8  9 10 11 |
---------------+----------------------------------+-----
Dodging        | 2 4 6 8 9 |  9.9
Unarmed Combat | 4 5 8 9 12 | 12.0
Transmutations | 3 4 5 7 8 |  8.0
Spellcasting   | 3 5 |  5.0
Fighting       | 4 7 8 |  8.0
Evocations     | 5 |  5.0
Stealth        | |  0.1

Action                   |  1- 3 |  4- 6 |  7- 9 | 10-12 || total
-------------------------+-------+-------+-------+-------++-------
Melee: Unarmed           |    91 |   139 |   282 |   205 ||   717
       Headbutt          |     9 |    13 |     4 |       ||    26
       Tailslap          |     5 |     7 |    28 |    14 ||    54
       Kick              |     5 |    18 |     4 |       ||    27
       Punch             |       |       |     9 |     5 ||    14
 Cast: Beastly Appendage |    20 |    13 |     6 |     2 ||    41
       Spider Form       |       |     3 |     2 |    17 ||    22
Invok: Ancestor Life: Kn |       |     1 |       |       ||     1
 Abil: Breathe Steam     |       |       |    19 |    47 ||    66
Evoke: Wand              |       |       |     6 |       ||     6
  Use: Scroll            |       |     9 |     8 |     6 ||    23
       Potion            |       |       |     4 |       ||     4
 Stab: Sleeping          |       |     1 |       |       ||     1
       Distracted        |       |       |     2 |     1 ||     3
Armor: Skin              |    21 |    38 |    73 |    20 ||   152
Dodge: Dodged            |    44 |    93 |   225 |   185 ||   547
